 Dungeon Crawl Stone Soup version 0.28-a0-224-g76b539d98b (webtiles) character file.

Game seed: 3030107280120264891

7308 Gargoyl the Fighter (level 11, -4/69 (80) HPs)
             Began as a Gnoll Abyssal Knight on Aug 21, 2021.
             Was a Priest of Lugonu.
             Killed from afar by Nergalle (26 damage)
             ... with a bolt of negative energy
             ... on level 9 of the Dungeon.
             The game lasted 00:15:08 (13377 turns).

Gargoyl the Fighter (Gnoll Abyssal Knight)         Turns: 13377, Time: 00:15:09

HP:   -4/69 (80)    AC: 13    Str: 14    XL:     11   Next: 13%
MP:   0/20          EV:  5    Int: 12    God:    Lugonu [***...]
Gold: 253           SH: 16    Dex: 16    Spells: 22/22 levels left

rFire   . . .      SeeInvis .   c - +3 broad axe
rCold   . . .      Faith    .   g - +2 tower shield
rNeg    . . .      Spirit   +   m - +0 chain mail
rPois   +          Reflect  .   (no helmet)
rElec   .          Harm     .   e - +0 cloak
rCorr   +          Rampage  .   (no gloves)
Will    +....                   f - +0 pair of boots
Stlth   ..........              r - amulet of guardian spirit
HPRegen 0.21/turn               h - ring of the Lily {rPois Will+}
MPRegen 0.17/turn               p - ring of Mirth {rCorr Dex+4}

@: heavily drained
A: fangs 1, strong nose, distributed training, deterioration 1, frail 1, sense
surroundings 1
a: Renounce Religion, Depart the Abyss, Bend Space, Banish


You were on level 9 of the Dungeon.
You worshipped Lugonu.
Lugonu was most pleased with you.
You visited 1 branch of the dungeon, and saw 10 of its levels.
You visited the Abyss 1 time.

You collected 481 gold pieces.
You spent 228 gold pieces at shops.

Inventory:

Hand Weapons
 a - a +2 hand axe
 c - a +3 broad axe (weapon)
Missiles
 n - 70 poisoned darts (quivered)
Armour
 e - a +0 cloak (worn)
 f - a +0 pair of boots (worn)
 g - a +2 tower shield (worn)
 m - a +0 chain mail (worn)
 s - the +1 buckler "Doptuydgh" {rC++ Int-2 Dex+2}
   (You bought it in a shop on level 7 of the Dungeon)

   Int:       It affects your intelligence (-2).
   Dex:       It affects your dexterity (+2).
   rC:        It greatly protects you from cold.
Jewellery
 h - the ring of the Lily (left hand) {rPois Will+}
   (You acquired it on level 2 of the Dungeon)

   [ring of poison resistance]

   rPois:     It protects you from poison.
   Will:      It increases your willpower.
 p - the ring of Mirth (right hand) {rCorr Dex+4}
   (You acquired it on level 4 of the Dungeon)

   [ring of resist corrosion]

   Dex:       It affects your dexterity (+4).
   rCorr:     It protects you from acid and corrosion.
 r - an amulet of guardian spirit (around neck)
Wands
 i - a wand of flame (53)
 l - a wand of iceblast (23)
 t - a wand of polymorph (12)
 v - a wand of acid (9)
Scrolls
 b - a scroll of fog
 d - 3 scrolls of magic mapping
 k - a scroll of blinking
 q - 5 scrolls of identify
Potions
 j - a potion of flight
 o - 2 potions of lignification
 u - a potion of invisibility
 w - a potion of haste


   Skills:
 + Level 9.0 Fighting
 + Level 6.0 Short Blades
 + Level 6.0 Long Blades
 + Level 7.6 Axes
 + Level 6.0 Maces & Flails
 + Level 6.0 Polearms
 + Level 6.0 Staves
 + Level 6.0 Slings
 + Level 6.0 Bows
 + Level 6.0 Crossbows
 + Level 6.0 Throwing
 + Level 7.6 Armour
 + Level 6.6 Dodging
 + Level 6.0 Stealth
 + Level 6.0 Shields
 + Level 6.0 Unarmed Combat
 + Level 6.0 Spellcasting
 + Level 4.9 Conjurations
 + Level 4.9 Hexes
 + Level 4.9 Summonings
 + Level 4.9 Necromancy
 + Level 4.9 Translocations
 + Level 4.9 Transmutations
 + Level 4.9 Fire Magic
 + Level 4.9 Ice Magic
 + Level 4.9 Air Magic
 + Level 4.9 Earth Magic
 + Level 4.9 Poison Magic
 + Level 8.1 Invocations
 + Level 6.0 Evocations


You had 22 spell levels left.
You didn't know any spells.
Your spell library contained the following spells:

 Spells                   Type           Power      Damage    Failure   Level
 Corona                   Hex            16%        N/A       99%         1
 Ensorcelled Hibernation  Hex/Ice        30%        N/A       100%        2
 Portal Projectile        Hex/Tloc       30%        N/A       100%        3
 Tukima's Dance           Hex            15%        N/A       100%        3
 Summon Ice Beast         Ice/Summ       15%        N/A       100%        4
 Blade Hands              Tmut           7%         N/A       100%        5
 Excruciating Wounds      Necr           7%         N/A       100%        5
 Summon Mana Viper        Hex/Summ       15%        N/A       100%        5
 Malign Gateway           Summ/Tloc      7%         N/A       100%        7
 Monstrous Menagerie      Summ           7%         N/A       100%        7
 Summon Horrible Things   Summ           7%         N/A       100%        8


Dungeon Overview and Level Annotations

Branches:
Dungeon (10/15)            Temple (0/1) D:6
   Lair: D:8-11         Orc: D:9-12

Altars:
Ashenzari
Cheibriados
Elyvilon
Gozag
Kikubaaqudgha
Okawaru
Qazlal
Sif Muna
Trog

Shops:
D:5 (   D:7 [

Annotations:
D:9 1 runed translucent door, Nergalle


Innate Abilities, Weirdness & Mutations

You have very sharp teeth.
Your uncanny sense of smell can sniff out nearby items.
Your experience applies equally to all skills.
Your body sometimes deteriorates upon taking damage.
You are frail. (-10% HP)
You passively map a small area around you.


Message History

Things that are here:
a +0 dagger; a +0 robe Unknown command.
You feel sick.
Nergalle gestures at you while chanting.
The bolt of negative energy hits the spectral orc.
The spectral orc completely resists.
The bolt of negative energy hits you!
You feel drained.
Unknown command.
You feel sick. The spectral orc completely misses you.
The spectral orc warrior hits you but does no damage.
You block Nergalle's attack.
Things that are here:
a +0 dagger; a +0 robe You slash Nergalle!
Nergalle is moderately wounded.
You slash the spectral orc!
You destroy the spectral orc!
You hit the spectral orc warrior but do no damage.
You feel sick.
You block the spectral orc warrior's attack.
Nergalle hits you but does no damage.
The spectral orc warrior hits you but does no damage.
Your shield prevents you from hitting Nergalle.
Nergalle is lightly wounded.
You hit the spectral orc warrior but do no damage.
You feel sick. You block Nergalle's attack.
The spectral orc warrior hits you with a +1 flail of protection!
* * * LOW HITPOINT WARNING * * *
Nergalle hits you but does no damage.
You hit Nergalle but do no damage.
Nergalle is lightly wounded.
You hit the spectral orc warrior.
You feel sick.
You are no longer poisoned.
The spectral orc warrior completely misses you.
Nergalle hits you but does no damage.
The spectral orc warrior hits you but does no damage.
Nergalle points at you and mumbles some strange words.
The bolt of negative energy hits you!!
You feel drained.
You die...

#..........# * #..#....
#..<..####.# '..#....
#.....# #..# ' #'##.##.
#.....###.(# โˆ†*
โˆ†#eW#..#. #..........#
โˆ† #hc#..#.
#..........#######+##..'.
#..........#..'..'..#.##.
#......>.o.'..#..#..#....
#.......@..##########....
#.......Z.............#..
#...............####.....
#.....########....รท..####
#.##..'......#..####.#...
#.....#......#.......'...
#.....#..##..#.......#...
#.....#'###..#.......#.##
#.....#..##..#......##.##


You could see Nergalle and a spectral orc warrior (summoned).

Vanquished Creatures
  A two-headed ogre (D:7)
  Pikel (D:5)
  3 kobold demonologists
  Psyche (D:9)
  6 yaks (D:9)
  Eustachio (D:5)
  A steam dragon (D:8)
  Edmund (D:6)
  4 water moccasins
  A hornet zombie (D:6)
  An ice beast (D:7)
  An orc warrior (D:9)
  2 black bears
  2 necrophages (D:5)
  3 sky beasts (D:6)
  An ogre (D:6)
  7 kobold brigands
  3 wyvern zombies
  A bullfrog (D:8)
  A scorpion (D:4)
  A wyvern skeleton (D:7)
  A water moccasin skeleton (D:4)
  6 killer bees
  4 wights (D:8)
  A howler monkey (D:9)
  2 orc priests
  A bullfrog zombie (D:5)
  2 gnoll shamans
  4 hounds
  A jelly (D:7)
  Jessica (D:3)
  An iguana (D:6)
  6 orc wizards
  Ijyb (D:5)
  A killer bee zombie (D:7)
  2 hound skeletons (D:4)
  A howler monkey zombie (D:4)
  A howler monkey skeleton (D:7)
  4 adders
  11 gnolls
  A white imp (D:5)
  3 dart slugs
  23 orcs
  7 ball pythons
  7 endoplasms
  3 giant cockroaches
  7 goblins
  6 hobgoblins
  22 kobolds
  3 quokkas (D:2)
  3 bats
  A frilled lizard (D:1)
  2 rats
182 creatures vanquished.

Notes
Turn   | Place    | Note
-------+----------+-------------------------------------------
     0 | Abyss:1  | Gargoyl the Gnoll Abyssal Knight began the quest for the
                  | Orb.
     0 | Abyss:1  | Reached XP level 1. HP: 23/23 MP: 3/3
    98 | Abyss:2  | Gained mutation: You passively map a small area around you.
                  | [potion of mutation]
    98 | Abyss:2  | Gained mutation: You are strong-willed. (Will+) [potion of
                  | mutation]
   164 | Abyss:3  | Noticed an ancient zyme
   166 | Abyss:3  | Noticed a small abomination
   167 | D:1      | Escaped the Abyss
   316 | D:1      | Found a faded altar of an unknown god.
   617 | D:1      | Reached XP level 2. HP: 29/29 MP: 5/5
  1007 | D:1      | Reached * piety under Lugonu
  1084 | D:2      | Identified a scroll of acquirement
  1084 | D:2      | Acquired the ring of the Lily {rPois Will+}
  1181 | D:2      | Reached XP level 3. HP: 34/35 MP: 6/6
  1517 | D:3      | Reached skill level 1 in Short Blades
  1517 | D:3      | Reached skill level 1 in Long Blades
  1517 | D:3      | Reached skill level 1 in Maces & Flails
  1517 | D:3      | Reached skill level 1 in Polearms
  1517 | D:3      | Reached skill level 1 in Staves
  1517 | D:3      | Reached skill level 1 in Slings
  1517 | D:3      | Reached skill level 1 in Bows
  1517 | D:3      | Reached skill level 1 in Crossbows
  1517 | D:3      | Reached skill level 1 in Throwing
  1517 | D:3      | Reached skill level 1 in Stealth
  1517 | D:3      | Reached skill level 1 in Shields
  1517 | D:3      | Reached skill level 1 in Unarmed Combat
  1517 | D:3      | Reached skill level 1 in Spellcasting
  1517 | D:3      | Reached skill level 1 in Evocations
  1517 | D:3      | Reached XP level 4. HP: 32/41 MP: 7/7
  1816 | D:3      | Noticed Jessica
  1821 | D:3      | Killed Jessica
  1822 | D:3      | Reached skill level 1 in Conjurations
  1822 | D:3      | Reached skill level 1 in Hexes
  1822 | D:3      | Reached skill level 1 in Summonings
  1822 | D:3      | Reached skill level 1 in Necromancy
  1822 | D:3      | Reached skill level 1 in Translocations
  1822 | D:3      | Reached skill level 1 in Transmutations
  1822 | D:3      | Reached skill level 1 in Fire Magic
  1822 | D:3      | Reached skill level 1 in Ice Magic
  1822 | D:3      | Reached skill level 1 in Air Magic
  1822 | D:3      | Reached skill level 1 in Earth Magic
  1822 | D:3      | Reached skill level 1 in Poison Magic
  2402 | D:3      | Reached ** piety under Lugonu
  2499 | D:4      | Reached XP level 5. HP: 21/47 MP: 8/8
  3253 | D:4      | Acquired the ring of Mirth {rCorr Dex+4}
  3457 | D:4      | Reached skill level 5 in Invocations
  3457 | D:4      | Reached XP level 6. HP: 48/53 MP: 9/9
  4043 | D:5      | Entered Level 5 of the Dungeon
  4046 | D:5      | Noticed a necrophage
  4055 | D:5      | Killed a necrophage
  4056 | D:5      | Reached skill level 5 in Axes
  4056 | D:5      | Reached skill level 5 in Armour
  4348 | D:5      | Noticed Pikel
  4389 | D:5      | HP: 1/53 [Pikel (2)]
  4398 | D:5      | HP: 2/53 [Pikel (2)]
  4405 | D:5      | Killed Pikel
  4406 | D:5      | Reached skill level 7 in Fighting
  4406 | D:5      | Reached XP level 7. HP: 5/60 MP: 9/11
  4735 | D:5      | Noticed Ijyb
  4926 | D:5      | Reached XP level 8. HP: 62/67 MP: 12/12
  4994 | D:5      | Killed Ijyb
  5409 | D:5      | Noticed Eustachio
  5433 | D:5      | Killed Eustachio
  5794 | D:5      | You fall into a shaft and drop 1 floor!
  6036 | D:6      | Found a bloodstained altar of Trog.
  6048 | D:5      | Found Kavvi's Antique Weapon Emporium.
  6529 | D:6      | Found a staircase to the Ecumenical Temple.
  6748 | D:6      | Noticed Edmund
  6768 | D:6      | Killed Edmund
  6769 | D:6      | Reached XP level 9. HP: 47/72 MP: 14/14
  7747 | D:7      | Noticed a two-headed ogre
  8143 | D:7      | Reached skill level 5 in Dodging
  8158 | D:7      | Killed a two-headed ogre
  8159 | D:7      | Reached skill level 8 in Fighting
  8160 | D:7      | Noticed a kobold demonologist
  8163 | D:7      | Noticed a soul eater
  8169 | D:7      | Lost mutation: You are strong-willed. (Will+) [a neqoxec]
  8171 | D:7      | Noticed an ice devil
  8172 | D:7      | Killed a kobold demonologist
  8335 | D:7      | Found Tocsoiklo's Antique Armour Boutique.
  8435 | D:7      | Reached XP level 10. HP: 22/80 MP: 17/17
  9007 | D:7      | Reached skill level 5 in Short Blades
  9007 | D:7      | Reached skill level 5 in Long Blades
  9007 | D:7      | Reached skill level 5 in Maces & Flails
  9007 | D:7      | Reached skill level 5 in Polearms
  9007 | D:7      | Reached skill level 5 in Staves
  9007 | D:7      | Reached skill level 5 in Slings
  9007 | D:7      | Reached skill level 5 in Bows
  9007 | D:7      | Reached skill level 5 in Crossbows
  9007 | D:7      | Reached skill level 5 in Throwing
  9007 | D:7      | Reached skill level 5 in Stealth
  9007 | D:7      | Reached skill level 5 in Shields
  9007 | D:7      | Reached skill level 5 in Unarmed Combat
  9007 | D:7      | Reached skill level 5 in Spellcasting
  9007 | D:7      | Reached skill level 5 in Evocations
  9449 | D:8      | Reached *** piety under Lugonu
 10483 | D:7      | Bought a blackened buckler for 228 gold pieces
 10483 | D:7      | Identified the +1 buckler "Doptuydgh" {rC++ Int-2 Dex+2}
                  | (You bought it in a shop on level 7 of the Dungeon)
 11017 | D:9      | Noticed Psyche
 11033 | D:9      | Killed Psyche
 11107 | D:9      | Found an iron altar of Okawaru.
 11381 | D:9      | Reached **** piety under Lugonu
 11536 | D:9      | Found a runed translucent door.
 11536 | D:9      | Noticed a kobold demonologist
 11537 | D:9      | Noticed a flayed ghost
 11540 | D:9      | Noticed a rust devil
 11551 | D:9      | Banished a kobold demonologist
 11984 | D:9      | Noticed a two-headed ogre
 12012 | D:10     | Entered Level 10 of the Dungeon
 12096 | D:10     | Noticed a kobold demonologist
 12096 | D:10     | Noticed a kobold demonologist
 12108 | D:10     | Killed a kobold demonologist
 12118 | D:10     | Noticed a rust devil
 12303 | D:10     | Gained mutation: You are frail. (-10% HP) [a neqoxec]
 12317 | D:10     | Gained mutation: Your body sometimes deteriorates upon
                  | taking damage. [a neqoxec]
 12322 | D:10     | Killed a kobold demonologist
 12504 | D:10     | Found an opulent altar of Gozag.
 12510 | D:10     | Found a stormy altar of Qazlal.
 12515 | D:10     | Found a shimmering blue altar of Sif Muna.
 12521 | D:10     | Found an ancient bone altar of Kikubaaqudgha.
 12526 | D:10     | Found a white marble altar of Elyvilon.
 12532 | D:10     | Found a snail-covered altar of Cheibriados.
 12536 | D:10     | Found a broken altar of Ashenzari.
 12672 | D:9      | Reached XP level 11. HP: 60/78 MP: 15/19
 12782 | D:9      | Reached skill level 9 in Fighting
 13055 | D:9      | Noticed a deep elf knight
 13055 | D:9      | Noticed a centaur warrior
 13092 | D:10     | Noticed Nergalle
 13377 | D:9      | Killed from afar by Nergalle

Illustrated notes

Levels and vault maps discovered:
D:1:      eino_arrival_water_star, layout_basic, basic_ecumenical_altar
D:2:      layout_basic
D:3:      layout_basic, kennysheep_cross_room, kennysheep_cluttered_room,
          corexii_corridor_pit, uniq_jessica
D:4:      layout_basic, grunt_ministairs_1
D:5:      layout_loops_cross, serial_shops, nicolae_take_the_stairs, uniq_pikel,
          uniq_eustachio, uniq_ijyb
D:6:      layout_basic, kennysheep_little_box, minmay_temple_entry_poolview,
          kennysheep_dice, uniq_edmund
D:7:      layout_loops_ring, serial_shops, shop
D:8:      layout_basic
D:9:      layout_stronghold, mainiacjoe_overflow_boulevard, minivault_13,
          uniq_psyche
D:10:     layout_irregular_city, grunt_temple_overflow_octagram,
          pdpol_wu_jian_five_deadly_venoms, uniq_nergalle

Skill      XL: |  1  2  3  4  5  6  7  8  9 10 11 |
---------------+----------------------------------+-----
Short Blades   | 1 2 3 4 5 6 |  6.0
Long Blades    | 1 2 3 4 5 6 |  6.0
Maces & Flails | 1 2 3 4 5 6 |  6.0
Polearms       | 1 2 3 4 5 6 |  6.0
Staves         | 1 2 3 4 5 6 |  6.0
Slings         | 1 2 3 4 5 6 |  6.0
Bows           | 1 2 3 4 5 6 |  6.0
Crossbows      | 1 2 3 4 5 6 |  6.0
Throwing       | 1 2 3 4 5 6 |  6.0
Stealth        | 1 2 3 4 5 6 |  6.0
Shields        | 1 2 3 4 5 6 |  6.0
Unarmed Combat | 1 2 3 4 5 6 |  6.0
Spellcasting   | 1 2 3 4 5 6 |  6.0
Evocations     | 1 2 3 4 5 6 |  6.0
Conjurations   | 1 2 3 4 |  4.9
Hexes          | 1 2 3 4 |  4.9
Summonings     | 1 2 3 4 |  4.9
Necromancy     | 1 2 3 4 |  4.9
Translocations | 1 2 3 4 |  4.9
Transmutations | 1 2 3 4 |  4.9
Fire Magic     | 1 2 3 4 |  4.9
Ice Magic      | 1 2 3 4 |  4.9
Air Magic      | 1 2 3 4 |  4.9
Earth Magic    | 1 2 3 4 |  4.9
Poison Magic   | 1 2 3 4 |  4.9
Dodging        | 3 4 5 6 |  6.6
Invocations    | 5 6 7 8 |  8.1
Axes           | 5 6 7 |  7.6
Armour         | 5 6 7 |  7.6
Fighting       | 7 8 9 |  9.0

Action                   |  1- 3 |  4- 6 |  7- 9 | 10-12 || total
-------------------------+-------+-------+-------+-------++-------
Melee: Broad axe         |    67 |   108 |   209 |   334 ||   718
       Bite              |     3 |     6 |    27 |    43 ||    79
       Punch             |       |     1 |     1 |       ||     2
Throw: Dart              |       |     7 |     4 |     5 ||    16
Invok: Depart the Abyss  |     1 |       |       |       ||     1
       Banish            |       |       |       |     2 ||     2
Evoke: Wand              |       |       |     5 |       ||     5
  Use: Scroll            |     6 |     6 |     7 |     5 ||    24
       Potion            |     1 |     6 |     1 |       ||     8
 Stab: Sleeping          |     3 |       |       |       ||     3
Armor: Leather armour    |    21 |    12 |       |       ||    33
       Chain mail        |       |    58 |   133 |   235 ||   426
       Skin              |       |     3 |     9 |       ||    12
Dodge: Dodged            |    52 |    48 |    50 |    84 ||   234
Block: Tower shield      |       |       |   134 |   380 ||   514
       Buckler           |       |       |       |    24 ||    24

Table legend: (Time is in decaauts)
 A = Elapsed time spent in this place.
 B = Non-inter-level travel time spent in this place.
 C = Inter-level travel time spent in this place.
 D = Time resting spent in this place.
 E = Time spent auto-exploring this place.
 F = Levels seen in this place.
 G = Mean time per level.
                   A        B        C        D        E       F      G
               +--------+--------+--------+--------+--------+-----+--------+
         Total |  13772 |  13400 |    372 |   3472 |   7465 |  13 | 1059.4 |
       Dungeon |  13605 |  13233 |    372 |   3472 |   7382 |  10 | 1360.5 |
         Abyss |    166 |    166 |      0 |      0 |     83 |   3 |   55.3 |
               +--------+--------+--------+--------+--------+-----+--------+

Top non-repeatable levels by time:
     D:6: 2141 daAuts
     D:9: 2102 daAuts
     D:7: 1880 daAuts
     D:4: 1664 daAuts
     D:5: 1650 daAuts
     D:3: 1124 daAuts
     D:1: 918 daAuts
     D:8: 897 daAuts
    D:10: 725 daAuts
     D:2: 500 daAuts
 Abyss:2: 62 daAuts
 Abyss:1: 58 daAuts
 Abyss:3: 45 daAuts
